 Dungeon Crawl Stone Soup version 0.31.0-11-ge490571c62 (webtiles) character file.

Game seed: 184077519477644887

59 qw the Shooter (level 3, 0/20 HPs)
             Began as a Deep Elf Hunter on Feb 3, 2024.
             Succumbed to their own poison gas
             ... on level 2 of the Dungeon.
             The game lasted 00:00:04 (1246 turns).

qw the Shooter (Deep Elf Hunter)                    Turns: 1246, Time: 00:00:05

Health: 0/20       AC:  7    Str: 10    XL:     3   Next: 78%
Magic:  5/5        EV: 16    Int: 13    God:
Gold:   47         SH:  0    Dex: 18    Spells: 2/2 levels left

rFire   . . .        a - +2 shortbow (freeze)
rCold   . . .        (shield currently unavailable)
rNeg    . . .        d - +0 ring mail
rPois   .            (no helmet)
rElec   .            j - +1 cloak
rCorr   .            (no gloves)
SInv    .            (no boots)
Will    +....        (no amulet)
Stlth   +            g - +5 ring of evasion
HPRegen 0.23/turn    (no ring)
MPRegen 0.09/turn

%: no passive effects
@: lethally poisoned (0 -> -5), enlightened, flying
A: no striking features
a: no special abilities


You were on level 2 of the Dungeon.
You visited 1 branch of the dungeon, and saw 2 of its levels.

You collected 47 gold pieces.


   Skills:
 - Level 1.5 Fighting
 + Level 7.3 Ranged Weapons
 - Level 2.4 Dodging
 - Level 1.2 Stealth


You had 2 spell levels left.
You didn't know any spells.
Your spell library was empty.

Inventory:

Hand Weapons
 a - a +2 shortbow of freezing (weapon)
Armour
 d - a +0 ring mail (worn)
 j - a +1 cloak (worn)
Jewellery
 g - a +5 ring of evasion (left hand)
Potions
 b - a potion of cancellation
 k - a potion of might
 m - a potion of lignification {unknown}
 o - a potion of haste {unknown}

Dungeon Overview and Level Annotations

Branches:
Dungeon (2/15)

Altars:


Message History

It was a potion of ambrosia.
You are confused.
You feel invigorated.
1237 ||| DRINKING purple potion.
It was a potion of enlightenment.
You feel very buoyant.
You fly up into the air.
1238 ||| DRINKING orange potion.
It was a potion of curing.
You feel better.
You feel less invigorated.
Done exploring.
1239 ||| DROPPING potion of brilliance.
You drop a potion of brilliance.
Done exploring.
1240 ||| DROPPING 2 potions of ambrosia.
You drop 2 potions of ambrosia.
Done exploring.
What level of the Dungeon? (default 2, ? - help) Sorry, I don't know how to get there.
Enter note:
Enter note:
Enter note:
Enter note:
Enter note:
Enter note:
Enter note:
Enter note:
Enter note: You are engulfed in poison gas.
You are lethally poisoned!
You feel very sick.
1242 ||| Stepping ~*~*~tactically~*~*~ (cloud).
You feel very sick.
Things that are here:
2 potions of ambrosia; a potion of brilliance
There is a lethal amount of poison in your body!
You feel very sick.
There is a lethal amount of poison in your body!
You feel sick.
There is a lethal amount of poison in your body!
You feel sick.
There is a lethal amount of poison in your body!
You die...

#..........# #....0.00..#
#....¤0¤0..# #.....¤0...# #######
#####.....00.¤.# ##.....#
.........¤0¤.¤.######......######
#####.....00..0#¤0|...^......##..
# #####0000¤000#######.........
#### ##..)##0¤0@¤..###..........
...####...00¤¤.####.00¤..........
##......#####0%...#####>.........
.#####...## #.....# #.#........
..##....).###.....# #.##...##..
#....#..#..##.....# #.##.######
.....#.###........#####.##.#
.......# ####.....)..#.....#
.......## #.......##.#..####


There were no monsters in sight!

Vanquished Creatures
  2 adders (D:2)
  A ribbon worm (D:2)
  4 ball pythons
  5 bats
  2 endoplasms
  4 giant cockroaches
  4 goblins
  3 hobgoblins
  2 quokkas (D:2)
  A frilled lizard (D:2)
  5 kobolds
  3 rats
36 creatures vanquished.

Notes
Turn   | Place    | Note
-------+----------+-------------------------------------------
     0 | D:1      | qw the Deep Elf Hunter began the quest for the Orb.
     0 | D:1      | Reached XP level 1. HP: 12/12 MP: 3/3
     0 | D:1      | 0 ||| qw: Version: 0.3-a-158-g18b3111
     0 | D:1      | 0 ||| qw: Game counter: 4071
     0 | D:1      | 0 ||| qw: Melee chars always use a shield: true
     0 | D:1      | 0 ||| qw: God list: Okawaru
     0 | D:1      | 0 ||| qw: Allow faded altars: false
     0 | D:1      | 0 ||| qw: Do Orc after clearing Dungeon:15 true
     0 | D:1      | 0 ||| qw: Do second Lair branch before Depths: true
     0 | D:1      | 0 ||| qw: Lair rune preference: random
     0 | D:1      | 0 ||| qw: Goals: Normal
     0 | D:1      | 0 ||| PLANNING D:1-11
   125 | D:1      | Reached XP level 2. HP: 16/16 MP: 4/4
   139 | D:1      | Reached skill level 6 in Ranged Weapons
   706 | D:1      | 706 ||| UPGRADING to +0 ring mail.
   716 | D:1      | 716 ||| DROPPING +0 leather armour.
   717 | D:1      | 717 ||| UPGRADING to +0 cloak.
   722 | D:1      | 722 ||| READING scroll labelled KAEN PUHALIU.
   722 | D:1      | 722 ||| ENCHANTING +0 cloak.
   723 | D:1      | 723 ||| READING scroll labelled SYGHOYNKOGE.
   724 | D:1      | 724 ||| READING 2 scrolls labelled WEWUMU NOLU.
   724 | D:1      | 724 ||| ENCHANTING +0 shortbow.
   725 | D:1      | 725 ||| READING scroll of enchant weapon.
   725 | D:1      | 725 ||| ENCHANTING +1 shortbow.
   726 | D:1      | 726 ||| DRINKING 2 fuming orange potions.
   727 | D:1      | 727 ||| DROPPING scroll of butterflies.
   869 | D:2      | Reached XP level 3. HP: 20/20 MP: 5/5
   975 | D:2      | Reached skill level 7 in Ranged Weapons
  1230 | D:2      | 1230 ||| UPGRADING to +5 ring of evasion.
  1231 | D:2      | 1231 ||| READING 2 scrolls labelled MUCHAC FEORIF.
  1231 | D:2      | 1231 ||| IDENTIFYING bubbling brown potion
  1232 | D:2      | 1232 ||| READING scroll of identify.
  1232 | D:2      | 1232 ||| IDENTIFYING coppery potion
  1233 | D:2      | 1233 ||| READING scroll labelled MOWEABR VUNLUNI.
  1233 | D:2      | 1233 ||| BRANDING +2 shortbow.
  1234 | D:2      | 1234 ||| READING scroll labelled WICAGHY SUDOS.
  1235 | D:2      | 1235 ||| READING scroll labelled JAN PAKILO.
  1236 | D:2      | 1236 ||| DRINKING 3 fizzy brown potions.
  1237 | D:2      | 1237 ||| DRINKING purple potion.
  1238 | D:2      | 1238 ||| DRINKING orange potion.
  1239 | D:2      | 1239 ||| DROPPING potion of brilliance.
  1240 | D:2      | 1240 ||| DROPPING 2 potions of ambrosia.
  1242 | D:2      | 1242 ||| Stepping ~*~*~tactically~*~*~ (cloud).
  1244 | D:2      | HP: 4/20 [poisoned by you (poison gas)]
  1246 | D:2      | Succumbed to their own poison gas

Levels and vault maps discovered:
D:1:      minmay_arrival_loop, layout_basic, minmay_misc_feat_ornament
D:2:      layout_rooms

Skill      XL: |  1  2  3 |
---------------+----------+-----
Ranged Weapons | 6 7 |  7.3
Fighting       | |  1.5
Dodging        | |  2.4
Stealth        | |  1.2

Action                     || total
---------------------------++-------
   Fire: Shortbow          ||    81
    Use: Scroll            ||     9
         Potion            ||     4
 Armour: Ring mail         ||    12
         Leather armour    ||     1
  Dodge: Dodged            ||     9

Table legend:
 A = Non-vault XP
 B = Vault XP
 C = Vault XP percentage of total XP
 D = Non-vault monster count
 E = Vault monster count
 F = Vault count percentage of total count
                 A         B        C        D         E       F
            +---------+---------+-------+---------+---------+-------
      Total |      85 |       0 |   0.0 |      36 |       0 |   0.0
            +---------+---------+-------+---------+---------+-------
        D:1 |      31 |       0 |   0.0 |      19 |       0 |   0.0
        D:2 |      54 |       0 |   0.0 |      17 |       0 |   0.0
            +---------+---------+-------+---------+---------+-------
